 Dungeon Crawl Stone Soup version 0.28-a0-863-g8cecda6153 (webtiles) character file.

Game seed: 1395704109242794576

7 AvatarAndi78 the Skirmisher (level 1, -1/18 HPs)
             Began as a Demonspawn Abyssal Knight on Nov 18, 2021.
             Was an Initiate of Lugonu.
             Frozen to death by an endoplasm (5 damage)
             ... on level 1 of the Dungeon.
             The game lasted 00:00:33 (298 turns).

AvatarAndi78 the Skirmisher (DsAK)                   Turns: 298, Time: 00:00:34

Health: -1/18      AC:  3    Str: 13    XL:     1   Next: 83%
Magic:  2/2        EV: 11    Int: 11    God:    Lugonu [......]
Gold:   15         SH:  0    Dex: 13    Spells: 0/0 levels left

rFire   . . .      SeeInvis .   a - +1 hand axe
rCold   . . .      Faith    .   (no shield)
rNeg    . . .      Spirit   .   b - +0 leather armour
rPois   .          Reflect  .   (no helmet)
rElec   .          Harm     .   (no cloak)
rCorr   .          Rampage  .   (no gloves)
Will    .....                   (no boots)
Stlth   +.........              (no amulet)
HPRegen 0.06/turn               (no ring)
MPRegen 0.08/turn               (no ring)

@: no status effects
A: no striking features
a: Renounce Religion


You were on level 1 of the Dungeon.
You worshipped Lugonu.
Lugonu was noncommittal.
You visited 1 branch of the dungeon, and saw 1 of its levels.
You visited the Abyss 1 time.

You collected 15 gold pieces.

Inventory:

Hand Weapons
 a - a +1 hand axe (weapon)
Armour
 b - a +0 leather armour (worn)
Jewellery
 d - a ring of see invisible
Potions
 c - a potion of ambrosia {unknown}
 e - a potion of brilliance {unknown}


   Skills:
 + Level 3.2 Fighting
 + Level 2.0 Axes
 + Level 1.8 Armour
 + Level 0.8 Dodging
 + Level 2.4 Invocations


You couldn't memorise any spells.
You didn't know any spells.
Your spell library was empty.

Dungeon Overview and Level Annotations

Branches:
Dungeon (1/15)

Altars:


Message History

Lugonu accepts your kill.
You closely miss the goblin.
The kobold throws a stone.
The stone hits you but does no damage. The goblin hits you but does no damage.
Your Axes skill increases to level 2!
You closely miss the goblin. The goblin hits you with a +0 club.
The kobold barely misses you.
You closely miss the kobold. You barely miss the goblin.
The goblin hits you with a +0 club.
The kobold hits you with a +0 short sword.
The goblin hits you with a +0 club.
You are too injured to fight recklessly!
You are too injured to fight recklessly!
You are too injured to fight recklessly!
Unknown command.
You are too injured to fight recklessly!
You are too injured to fight recklessly!
You hit the kobold.
You kill the kobold!
Lugonu accepts your kill.
You barely miss the rat. You closely miss the goblin.
The rat barely misses you. The goblin barely misses you.
You hit the goblin.
You kill the goblin!
Lugonu accepts your kill.
You hit the rat. The rat bites you but does no damage.
You closely miss the rat.
The rat is moderately wounded.
You hit the endoplasm. The rat closely misses you. The endoplasm hits you.
The rat closely misses you.
You hit the rat.
You kill the rat!
Lugonu accepts your kill.
You hit the endoplasm but do no damage. The endoplasm hits you.
* * * LOW HITPOINT WARNING * * *
You barely miss the endoplasm.
The endoplasm is lightly wounded.
The endoplasm closely misses you. The endoplasm freezes you.
You are frozen.
You die...

♣♣♣♣..#### #....###
PP..♣....###
#.......
P...♣.##...###...#
...P♣..###.......#
..PP♣..##......#.##
.P..♣.....######..#
# PP..♣..### #..##
#.#. ..PP♣..#
#...##.#...
..PP♣.##
#######@#....#.#
♣♣♣♣♣
.......)J......#
...
#######.#....#.#
... ......### ..
##. ........# #
##........ #
...##...... # .###
#.#..#.# # ..#>....


You could see an endoplasm.

Vanquished Creatures
  A ball python (D:1)
  An endoplasm (D:1)
  A goblin (D:1)
  A kobold (D:1)
  A bat (D:1)
  A rat (D:1)
6 creatures vanquished.

Notes
Turn   | Place    | Note
-------+----------+-------------------------------------------
     0 | Abyss:1  | AvatarAndi78 the Demonspawn Abyssal Knight began the quest
                  | for the Orb.
     0 | Abyss:1  | Reached XP level 1. HP: 18/18 MP: 2/2
    57 | Abyss:1  | Noticed a large abomination
    75 | Abyss:1  | Noticed an orange demon
    87 | D:1      | Escaped the Abyss
   298 | D:1      | Frozen to death by an endoplasm

Illustrated notes

Levels and vault maps discovered:
D:1:      scummos_arrival_checkerplants, layout_rooms, serial_shops, shop,
          nicolae_concentric_dashed_squares_wild

Skill      XL: |  1 |
---------------+----+-----
Axes           | 2 |  2.0
Fighting       | |  3.2
Armour         | |  1.8
Dodging        | |  0.8
Invocations    | |  2.4

Action                   || total
-------------------------++-------
Melee: Hand axe          ||    15
Invok: Depart the Abyss  ||     1
Armor: Leather armour    ||     7
Dodge: Dodged            ||    12

Table legend: (Time is in decaauts)
 A = Elapsed time spent in this place.
 B = Non-inter-level travel time spent in this place.
 C = Inter-level travel time spent in this place.
 D = Time resting spent in this place.
 E = Time spent auto-exploring this place.
 F = Levels seen in this place.
 G = Mean time per level.
                   A        B        C        D        E       F      G
               +--------+--------+--------+--------+--------+-----+--------+
         Total |    300 |    300 |      0 |      0 |    240 |   2 |  150.0 |
       Dungeon |    213 |    213 |      0 |      0 |    184 |   1 |  213.0 |
         Abyss |     87 |     87 |      0 |      0 |     56 |   1 |   87.0 |
               +--------+--------+--------+--------+--------+-----+--------+

Top non-repeatable levels by time:
     D:1: 213 daAuts
 Abyss:1: 87 daAuts
